 Dungeon Crawl Stone Soup version 0.29-a0-819-g94b489e0ae (webtiles) character file.

Game seed: 6953418556596161491

2002 diecastcamel the Trooper (level 9, -18/74 HPs)
             Began as a Gnoll Wanderer on July 6, 2022.
             Was a Believer of Qazlal.
             Killed from afar by Maggie (31 damage)
             ... with a bolt of fire
             ... on level 7 of the Dungeon.
             The game lasted 00:34:01 (9145 turns).

diecastcamel the Trooper (Gnoll Wanderer)           Turns: 9145, Time: 00:34:02

Health: -18/74     AC: 18    Str: 22    XL:     9   Next: 22%
Magic:  15/15      EV:  6    Int:  9    God:    Qazlal [**....]
Gold:   198        SH: 14    Dex: 14    Spells: 16/16 levels left

rFire   . . .      SeeInvis .   a - +0 hand axe
rCold   + . .      Faith    .   h - +2 kite shield {AC+3}
rNeg    . . .      Spirit   .   v - +0 plate armour
rPois   .          Reflect  .   c - +0 helmet
rElec   .          Harm     .   k - +0 cloak
rCorr   .          Rampage  .   i - +0 pair of gloves
Will    .....                   (no boots)
Stlth   ..........              (no amulet)
HPRegen 0.22/turn               x - +6 ring of strength
MPRegen 0.14/turn               w - ring of protection from cold

@: invisible
A: fangs 1, strong nose, distributed training
a: Renounce Religion, Upheaval


You were on level 7 of the Dungeon.
You worshipped Qazlal.
Qazlal was pleased with you.
You visited 1 branch of the dungeon, and saw 7 of its levels.

You collected 294 gold pieces.
You spent 96 gold pieces at shops.

Inventory:

Hand Weapons
 a - a +0 hand axe (weapon)
 n - a +0 war axe
 G - a +4 morningstar
 J - a +3 trident
Missiles
 z - 4 boomerangs (quivered)
 C - 9 stones
Armour
 b - a +2 buckler
 c - a +0 helmet (worn)
 h - a +2 kite shield of protection (worn)
 i - a +0 pair of gloves (worn)
 k - a +0 cloak (worn)
 v - a +0 plate armour (worn)
Jewellery
 o - a ring of magical power
 w - a ring of protection from cold (right hand)
 x - a +6 ring of strength (left hand)
Scrolls
 f - a scroll of vulnerability
 j - 2 scrolls of fog
 m - a scroll of blinking
 p - 3 scrolls of poison
 q - 2 scrolls of teleportation
 t - 2 scrolls of enchant weapon
 y - 2 scrolls of immolation
 E - a scroll of amnesia
Potions
 d - a potion of attraction
 e - 4 potions of curing
 g - a potion of invisibility
 l - a potion of heal wounds
 r - 2 potions of mutation
 s - 2 potions of magic
 u - a potion of might {unknown}
 A - a potion of degeneration {unknown}
 B - 2 potions of brilliance
 H - a potion of lignification {unknown}


   Skills:
 + Level 7.8 Fighting
 + Level 4.2 Short Blades
 + Level 4.2 Long Blades
 + Level 6.3 Axes
 + Level 4.2 Maces & Flails
 + Level 4.2 Polearms
 + Level 4.2 Staves
 + Level 4.2 Ranged Weapons
 + Level 4.2 Throwing
 + Level 4.2 Armour
 + Level 5.0 Dodging
 + Level 6.0 Stealth
 + Level 6.3 Shields
 + Level 4.2 Unarmed Combat
 + Level 4.2 Spellcasting
 + Level 3.4 Conjurations
 + Level 3.4 Hexes
 + Level 3.4 Summonings
 + Level 3.4 Necromancy
 + Level 3.4 Translocations
 + Level 3.4 Transmutations
 + Level 3.4 Fire Magic
 + Level 3.4 Ice Magic
 + Level 3.4 Air Magic
 + Level 3.4 Earth Magic
 + Level 3.4 Poison Magic
 + Level 4.6 Invocations
 + Level 4.2 Evocations


You had 16 spell levels left.
You didn't know any spells.
Your spell library contained the following spells:

 Spells                   Type           Power      Damage    Failure   Level
 Magic Dart               Conj           32%        1d4       98%         1
 Searing Ray              Conj           16%        2d5       99%         2
 Fulminant Prism          Conj/Hex       4%         3d6       100%        4


Dungeon Overview and Level Annotations

Branches:
Dungeon (7/15)
 Temple: D:4-7

Altars:
Qazlal

Shops:
D:5 !![:

Annotations:
D:3 3 runed translucent doors, abessonov's ghost, amateur MiFi
D:6 2 transporters, peter4's ghost, novice MiFi
D:7 Maggie


Innate Abilities, Weirdness & Mutations

You have very sharp teeth.
Your uncanny sense of smell can sniff out nearby items.
Your experience applies equally to all skills.


Message History

You block Maggie's attack.
You hit Maggie but do no damage.
Maggie is moderately wounded.
You block Maggie's attack.
You hit Maggie.
Maggie is moderately wounded.
Maggie points at you and mumbles some strange words.
The bolt of fire misses you.
You catch the helpless Maggie completely off-guard!
You hit Maggie.
Maggie is moderately wounded.
You block Maggie's attack.
You hit Maggie.
Maggie is heavily wounded.
Maggie says, "Fear not.
I will immortalize you in the tale of my first kill."
Maggie hits you with a +0 scimitar of flaming.
Maggie burns you. You block Maggie's attack.
You slash Maggie!
Maggie is heavily wounded.
You block Maggie's attack.
You barely miss Maggie. You bite Maggie, but do no damage.
Maggie is heavily wounded.
Maggie mutters to herself, "Master Lance won't take me back.
This is the way forward."
You block Maggie's attack.
You hit Maggie but do no damage. You bite Maggie, but do no damage.
Maggie is heavily wounded.
Maggie hits you with a +0 scimitar of flaming.
Maggie burns you.
You hit Maggie.
Maggie is severely wounded.
Maggie casts a spell at you. The bolt of fire hits you!
* * * LOW HITPOINT WARNING * * *
You hit Maggie.
Maggie is severely wounded.
You hear the hiss of an avalanche of sand very nearby.
You hear the steady creaking of a very distant portcullis.
Maggie gestures at you while chanting. The bolt of fire hits you!!
You die...

......# #..#..#####
.......... #
....###...# ..###
#.. #.#...# .(....
#.# #.# #.. #...#
###.# ... #..
#.@#####...###.###..
#.@....##...#.#....
#.###.###...#'#....
## ##.##..........
#.#####....### ###
######


You could see Maggie (unable to see you).

Vanquished Creatures
  A hornet (D:7)
  Menkaure (D:7)
  A water moccasin (D:4)
  An ice beast (D:6)
  A black bear (D:4)
  2 ogres
  A phantom (D:5)
  2 scorpions
  A gnoll sergeant (D:5)
  4 wights (D:6)
  A howler monkey (D:5)
  A crimson imp (D:5)
  2 jellies (D:6)
  A gnoll bouda (D:4)
  An orc priest (D:3)
  A hound (D:6)
  6 iguanas (D:5)
  2 orc wizards (D:5)
  8 gnolls
  14 adders
  3 white imps
  2 ufetubi
  A worm (D:3)
  3 dart slugs
  18 orcs
  4 bats
  6 endoplasms
  8 giant cockroaches
  5 goblins
  9 hobgoblins
  8 jackals
  2 quokkas (D:4)
  4 ball pythons
  3 frilled lizards (D:1)
  5 kobolds
  8 rats
141 creatures vanquished.

Notes
Turn   | Place    | Note
-------+----------+-------------------------------------------
     0 | D:1      | diecastcamel the Gnoll Wanderer began the quest for the
                  | Orb.
     0 | D:1      | diecastcamel set off with the following items: a +0 hand
                  | axe, a +2 buckler, a +0 helmet, a potion of attraction, a
                  | +0 leather armour.
     0 | D:1      | Reached XP level 1. HP: 23/23 MP: 1/1
   378 | D:1      | Reached XP level 2. HP: 29/29 MP: 2/2
   677 | D:1      | Reached XP level 3. HP: 35/35 MP: 3/3
   805 | D:1      | Found a faded altar of an unknown god.
   817 | D:1      | Reached skill level 1 in Invocations
  1208 | D:2      | Reached skill level 1 in Short Blades
  1208 | D:2      | Reached skill level 1 in Long Blades
  1208 | D:2      | Reached skill level 1 in Maces & Flails
  1208 | D:2      | Reached skill level 1 in Polearms
  1208 | D:2      | Reached skill level 1 in Staves
  1208 | D:2      | Reached skill level 1 in Ranged Weapons
  1208 | D:2      | Reached skill level 1 in Throwing
  1208 | D:2      | Reached skill level 1 in Armour
  1208 | D:2      | Reached skill level 1 in Unarmed Combat
  1208 | D:2      | Reached skill level 1 in Spellcasting
  1208 | D:2      | Reached skill level 1 in Evocations
  1529 | D:2      | Reached XP level 4. HP: 36/41 MP: 5/5
  2045 | D:2      | Reached skill level 1 in Conjurations
  2045 | D:2      | Reached skill level 1 in Hexes
  2045 | D:2      | Reached skill level 1 in Summonings
  2045 | D:2      | Reached skill level 1 in Necromancy
  2045 | D:2      | Reached skill level 1 in Translocations
  2045 | D:2      | Reached skill level 1 in Transmutations
  2045 | D:2      | Reached skill level 1 in Fire Magic
  2045 | D:2      | Reached skill level 1 in Ice Magic
  2045 | D:2      | Reached skill level 1 in Air Magic
  2045 | D:2      | Reached skill level 1 in Earth Magic
  2045 | D:2      | Reached skill level 1 in Poison Magic
  2897 | D:3      | Noticed abessonov's ghost (amateur MiFi)
  2899 | D:3      | Found a runed translucent gate.
  2899 | D:3      | Found a runed translucent gate.
  2899 | D:3      | Found a runed translucent gate.
  2904 | D:3      | Noticed an ice beast
  2953 | D:3      | Reached XP level 5. HP: 47/47 MP: 5/7
  3135 | D:3      | Found a stormy altar of Qazlal.
  3140 | D:3      | Became a worshipper of Qazlal Stormbringer
  4133 | D:4      | Noticed a water moccasin
  4149 | D:4      | Killed a water moccasin
  4150 | D:4      | Reached skill level 5 in Axes
  4150 | D:4      | Reached skill level 5 in Shields
  4150 | D:4      | Reached XP level 6. HP: 53/53 MP: 7/9
  4714 | D:4      | Noticed a black bear
  4743 | D:4      | Killed a black bear
  4744 | D:4      | Reached skill level 7 in Fighting
  4744 | D:4      | Reached XP level 7. HP: 56/60 MP: 10/10
  4829 | D:4      | Reached * piety under Qazlal
  5326 | D:5      | Entered Level 5 of the Dungeon
  5773 | D:5      | Reached skill level 5 in Stealth
  5845 | D:5      | Found Sieng's Book Shop.
  6606 | D:5      | Reached XP level 8. HP: 48/67 MP: 12/12
  7068 | D:5      | Found Lulea's Distillery.
  7076 | D:5      | Bought a potion of mutation for 96 gold pieces
  7418 | D:5      | Found Xunam's Distillery.
  7476 | D:5      | Found Pahiorcha's Antique Armour Boutique.
  7689 | D:6      | Found a transporter.
  7733 | D:6      | Noticed peter4's ghost (novice MiFi)
  7734 | D:6      | Found a transporter.
  8288 | D:6      | Reached ** piety under Qazlal
  8481 | D:6      | Reached XP level 9. HP: 37/72 MP: 14/14
  8850 | D:7      | Noticed Menkaure
  8850 | D:7      | Noticed a hornet
  8853 | D:7      | Killed Menkaure
  8858 | D:7      | Killed a hornet
  8859 | D:7      | Reached skill level 5 in Dodging
  9111 | D:7      | Noticed Maggie
  9145 | D:7      | Killed from afar by Maggie

Illustrated notes

Levels and vault maps discovered:
D:1:      heliophobic_arrival_ceremonial_halls, layout_loops_ring,
          shapermc_ecumenical_altar_mp_highgroup, serial_aquarium,
          aquarium_bridge_square [aquarium_subvault_balcony,
          aquarium_subvault_bridge, aquarium_subvault_balcony,
          aquarium_subvault_bridge], aquarium_bridge_island_small
          [aquarium_subvault_small_open, aquarium_subvault_bridge,
          aquarium_subvault_wall, aquarium_subvault_wall,
          aquarium_subvault_window], aquarium_window_corner,
          aquarium_window_fake, aquarium_view_2f, aquarium_view_2d,
          aquarium_balcony_3a, aquarium_pool_side
D:2:      layout_basic
D:3:      layout_rooms, mainiacjoe_overflow_alcove_2, gammafunk_ghost_split,
          dreamdust_princess_corridor, kennysheep_donut,
          chequers_serial_rivers_small_a, minmay_increasing_density
D:4:      layout_gridville, st_stairs_3
D:5:      layout_basic, serial_shops, nicolae_shop_crystal, shop, shop,
          nicolae_lakefront_shop, minmay_fire_ice_demons
D:6:      layout_basic, gammafunk_ghost_arena, dk_noncrumbling_4,
          glass_columns_a, minivault_19
D:7:      cheibrodos_steamvent, layout_layer_cave,
          minmay_temple_entry_glassed_door, enter_bailey_2,
          nicolae_ossuary_entry_plus, uniq_maggie, uniq_menkaure,
          uniq_crazy_yiuf_cottage

Skill      XL: |  1  2  3  4  5  6  7  8  9 |
---------------+----------------------------+-----
Invocations    | 1 2 3 4 |  4.6
Short Blades   | 1 2 3 4 |  4.2
Long Blades    | 1 2 3 4 |  4.2
Maces & Flails | 1 2 3 4 |  4.2
Polearms       | 1 2 3 4 |  4.2
Staves         | 1 2 3 4 |  4.2
Ranged Weapons | 1 2 3 4 |  4.2
Throwing       | 1 2 3 4 |  4.2
Armour         | 1 2 3 4 |  4.2
Unarmed Combat | 1 2 3 4 |  4.2
Spellcasting   | 1 2 3 4 |  4.2
Evocations     | 1 2 3 4 |  4.2
Conjurations   | 1 2 3 |  3.4
Hexes          | 1 2 3 |  3.4
Summonings     | 1 2 3 |  3.4
Necromancy     | 1 2 3 |  3.4
Translocations | 1 2 3 |  3.4
Transmutations | 1 2 3 |  3.4
Fire Magic     | 1 2 3 |  3.4
Ice Magic      | 1 2 3 |  3.4
Air Magic      | 1 2 3 |  3.4
Earth Magic    | 1 2 3 |  3.4
Poison Magic   | 1 2 3 |  3.4
Dodging        | 3 4 5 |  5.0
Axes           | 5 6 |  6.3
Shields        | 5 6 |  6.3
Fighting       | 7 |  7.8
Stealth        | 5 6 |  6.0

Action                   |  1- 3 |  4- 6 |  7- 9 || total
-------------------------+-------+-------+-------++-------
Melee: Hand axe          |    89 |   243 |   422 ||   754
       Bite              |     6 |    21 |    60 ||    87
Throw: Stone             |     1 |    22 |    40 ||    63
       Boomerang         |       |       |    31 ||    31
       Dart              |       |       |     9 ||     9
  Use: Scroll            |       |     6 |     9 ||    15
       Potion            |       |     1 |     2 ||     3
 Stab: Sleeping          |     5 |     1 |       ||     6
       Invisible         |       |       |     4 ||     4
Armor: Leather armour    |    29 |     4 |       ||    33
       Chain mail        |       |    84 |       ||    84
       Plate armour      |       |    39 |   127 ||   166
Dodge: Dodged            |    41 |    70 |    69 ||   180
Block: Buckler           |    28 |    77 |    69 ||   174
       Kite shield       |       |       |   148 ||   148

Table legend: (Time is in decaauts)
 A = Elapsed time spent in this place.
 B = Non-inter-level travel time spent in this place.
 C = Inter-level travel time spent in this place.
 D = Time resting spent in this place.
 E = Time spent auto-exploring this place.
 F = Levels seen in this place.
 G = Mean time per level.
                   A        B        C        D        E       F      G
               +--------+--------+--------+--------+--------+-----+--------+
         Total |   9270 |   8835 |    435 |   1789 |   4963 |   7 | 1324.3 |
       Dungeon |   9270 |   8835 |    435 |   1789 |   4963 |   7 | 1324.3 |
               +--------+--------+--------+--------+--------+-----+--------+

Top non-repeatable levels by time:
     D:4: 1818 daAuts
     D:5: 1743 daAuts
     D:2: 1582 daAuts
     D:3: 1386 daAuts
     D:6: 1257 daAuts
     D:1: 1179 daAuts
     D:7: 303 daAuts
